 Dungeon Crawl Stone Soup version 0.31-a0-115-g4708a659fe (webtiles) character file.

Game seed: 6506194686033047803

3 holysushi the Charlatan (level 1, -1/15 HPs)
             Began as a Demonspawn Artificer on May 29, 2023.
             Slain by a kobold
             ... wielding a +0 whip
              (4 damage)
             ... on level 1 of the Dungeon.
             The game lasted 00:00:35 (132 turns).

holysushi the Charlatan (Demonspawn Artificer)       Turns: 132, Time: 00:00:35

Health: -1/15      AC:  3    Str: 12    XL:     1   Next: 41%
Magic:  1/1        EV: 11    Int: 12    God:
Gold:   0          SH:  0    Dex: 13    Spells: 0/0 levels left

rFire   . . .        f - +0 short sword
rCold   . . .        (no shield)
rNeg    . . .        b - +0 leather armour
rPois   .            (no helmet)
rElec   .            (no cloak)
rCorr   .            (no gloves)
SInv    .            (no boots)
Will    .....        (no amulet)
Stlth   +            (no ring)
HPRegen 0.22/turn    (no ring)
MPRegen 0.07/turn

%: no passive effects
@: no status effects
A: no striking features
a: no special abilities


You were on level 1 of the Dungeon.
You visited 1 branch of the dungeon, and saw 1 of its levels.

Inventory:

Hand Weapons
 f - a +0 short sword (weapon)
Armour
 b - a +0 leather armour (worn)
Wands
 c - a wand of flame (15) (quivered)
 d - a wand of charming (15)
 e - a wand of iceblast (5)


   Skills:
 + Level 1.1 Fighting
 + Level 1.8 Armour
 + Level 1.0 Dodging
 + Level 1.0 Stealth
 + Level 3.0 Evocations


You couldn't memorise any spells.
You didn't know any spells.
Your spell library was empty.

Dungeon Overview and Level Annotations

Branches:
Dungeon (1/15) Zot: 5864

Altars:


Message History

You see here a +0 club.
The kobold throws a stone.
The stone hits you.
You start waiting.
A frilled lizard is nearby!
You start waiting.
A frilled lizard is nearby!
The frilled lizard barely misses you.
You hit the frilled lizard.
The frilled lizard is heavily wounded.
The frilled lizard bites you.
You miss the frilled lizard.
The frilled lizard bites you but does no damage.
You closely miss the frilled lizard. The frilled lizard misses you.
You hit the frilled lizard but do no damage.
The frilled lizard closely misses you.
You hit the frilled lizard but do no damage.
The frilled lizard bites you.
You hit the frilled lizard.
The frilled lizard is heavily wounded.
The frilled lizard bites you.
You closely miss the frilled lizard.
The frilled lizard is heavily wounded.
The frilled lizard bites you.
You closely miss the frilled lizard.
The frilled lizard is heavily wounded.
The frilled lizard bites you.
You hit the frilled lizard.
You kill the frilled lizard!
The kobold throws a stone.
The stone barely misses you.
You are too injured to fight recklessly!
The kobold hits you with a +0 whip.
* * * LOW HITPOINT WARNING * * *
You see here a frilled lizard corpse.
You are too injured to fight recklessly!
You are too injured to fight recklessly!
You hit the kobold but do no damage. The kobold closely misses you.
You hit the kobold.
The kobold is heavily wounded.
The kobold hits you with a +0 whip.
You die...

###'#### ##......#
#.......# #.#####.#
#..#..#.# .....
##.#..#.# .....## #...#
##.#'##.# ....... ....#
#.......# ....... ....#
#@####### ......# ...##.
#K#..+..# .!....# .....
#.#..#..#
......##..###.##..#..###
....#.........##.......#
........#####+###...####
...........l......###
..........K)..)..##
...##............#


You could see a kobold.

Vanquished Creatures
  A goblin (D:1)
  A kobold (D:1)
  A frilled lizard (D:1)
3 creatures vanquished.

Notes
Turn   | Place    | Note
-------+----------+-------------------------------------------
     0 | D:1      | holysushi the Demonspawn Artificer began the quest for the
                  | Orb.
     0 | D:1      | Reached XP level 1. HP: 15/15 MP: 1/1
    48 | D:1      | Reached skill level 1 in Dodging
    48 | D:1      | Reached skill level 1 in Stealth
   132 | D:1      | Slain by a kobold

Illustrated notes

Levels and vault maps discovered:
D:1:      dpeg_arrival_erosion, layout_basic,
          shapermc_ecumenical_altar_totnotflames, chequers_serial_rivers_room_a

Skill      XL: |  1 |
---------------+----+-----
Dodging        | 1 |  1.0
Stealth        | 1 |  1.0
Fighting       | |  1.1
Armour         | |  1.8
Evocations     | |  3.0

Action                     || total
---------------------------++-------
  Melee: Short sword       ||    11
         Club              ||     9
 Armour: Leather armour    ||     3
  Dodge: Dodged            ||     8

Table legend: (Time is in decaauts)
 A = Elapsed time spent in this place.
 B = Non-inter-level travel time spent in this place.
 C = Inter-level travel time spent in this place.
 D = Time resting spent in this place.
 E = Time spent auto-exploring this place.
 F = Levels seen in this place.
 G = Mean time per level.
                   A        B        C        D        E       F      G
               +--------+--------+--------+--------+--------+-----+--------+
         Total |    134 |    134 |      0 |     40 |     20 |   1 |  134.0 |
       Dungeon |    134 |    134 |      0 |     40 |     20 |   1 |  134.0 |
               +--------+--------+--------+--------+--------+-----+--------+

Top non-repeatable levels by time:
     D:1: 134 daAuts
